 Dungeon Crawl Stone Soup version bcrawl-1.13.2 (webtiles) character file.

Game seed: 1211008372233564573

32 Felnil the Caller (level 3, -1/19 HPs)
             Began as a Skeleton Summoner on Aug 10, 2019.
             Slain by a quokka (4 damage)
             ... on level 1 of the Dungeon.
             The game lasted 00:15:03 (2819 turns).

Felnil the Caller (Skeleton Summoner)               Turns: 2819, Time: 00:15:03

Health: -1/19      AC:  2    Str: 13 (14) XL:     3   Next: 8%
Magic:  0/7        EV: 12    Int: 13 (14) God:
Gold:   87         SH:  0    Dex:  9      Spells: 2/8 levels left

rFire    . . .     SeeInvis .   i - +0 spear
rCold    + . .     Gourm    .   (no shield)
rNeg     + + +     Faith    .   a - +0 robe
rPois    ∞         Spirit   +   (no helmet)
rElec    .         Reflect  .   (no cloak)
rCorr    .         Harm     .   (no gloves)
MR       .....                  (no boots)
Stlth    ++........             (no amulet)
HPRegen  0.06/turn              c - +1 ring of slaying
MPRegen  0.10/turn              (no ring)

@: very slightly contaminated
A: no food or potions, cold resistance 1, deterioration 1, negative energy
resistance 3, torment resistance, unbreathing, magic shield, sturdy frame 1,
spell healing
a: no special abilities


You were on level 1 of the Dungeon.
You were not hungry.

You visited 1 branch of the dungeon, and saw 2 of its levels.

You collected 87 gold pieces.

Inventory:

Hand Weapons
 i - a +0 spear (weapon)
Missiles
 g - 24 curare-tipped needles
 h - 138 sling bullets
 j - 70 arrows
Armour
 a - a +0 robe (worn)
Jewellery
 c - a +1 ring of slaying (left hand)
Scrolls
 b - a scroll of identify {unknown}
 d - a scroll of remove curse
 k - a scroll of enchant armour {unknown}


   Skills:
 - Level 2.0 Dodging
 - Level 2.4 Stealth
 - Level 3.0 Spellcasting
 + Level 5.5 Summonings


You had 2 spell levels left.
You knew the following spells:

 Your Spells              Type           Power        Failure   Level  Hunger
a - Summon Small Mammal   Summ           ###.         2%          1    N/A
b - Call Imp              Summ           ###.....     3%          2    N/A
c - Call Canine Familiar  Summ           ###.....     7%          3    N/A

Your spell library contained the following spells:

 Spells                   Type           Power        Failure   Level  Hunger
 Summon Ice Beast         Ice/Summ       #.......     58%         4    N/A
 Summon Lightning Spire   Summ/Air       #.......     90%         5    N/A

Dungeon Overview and Level Annotations

Branches:
Dungeon (2/12)

Altars:
Trog


Innate Abilities, Weirdness & Mutations

You do not eat or drink.
You are immune to poison.
Your flesh is cold resistant. (rC+)
Your body sometimes deteriorates upon taking damage.
You are immune to negative energy. (rN+++)
You are immune to unholy pain and torment.
You can survive without breathing.
When hurt, damage is shared between your health and your magic reserves.
Your movements are slightly less encumbered by armour. (ER -2)
Casting spells heals you.


Message History

The jackal barks!
The jackal moves out of view.
You hit the jackal.
The jackal is almost dead.
The jackal bites you but does no damage.
The jackal closely misses you.
Found a twisted pearl amulet.
Blink to where?
Press: ? - help, Dir - move target cursor You are very lightly contaminated with residual magic.
As you read the scroll labeled DOERAO ELORUPN, it crumbles to dust.
It was a scroll of blinking.
The kobold shouts!
The quokka barely misses you. x2
The jackal bites you but does no damage.
A mysterious force pulls you upwards. The hatch slams shut behind you.
Casting: Call Imp (safe; 3% risk of failure)
Confirm with . or Enter, or press ? or * to list all spells.
The quokka bites you.
You die...

...(..#########.........######.#
#####...........######..######.##
### #..#######..##...............
..# #.b# #..........######...
#.###..##### #...#.###...........
...........# #...#.###.#######...
######.###.# #.........# ##.# #.#
#.# #.#r###.#.# #.# #.###.###.#@#
#.#.# #.# #.........#.###.#.#
##'# # ####...####b......# ##...
## ##.....#######.### ##..!. .##
##.......## #..## ##.....
..####.........#####...####......
[.'.......................+......
..###........#######...####......
.###.#......## #..## ##.....


You could see a quokka and a friendly bat.

Vanquished Creatures (collateral kills)
  A worm (D:2)
  A dart slug (D:1)
  3 leopard geckos
  An orc (D:1)
  A ball python (D:2)
  3 bats
  A giant cockroach (D:1)
  2 hobgoblins (D:2)
  11 jackals
  6 kobolds
  3 frilled lizards
  A goblin (D:2)
  5 rats
39 creatures vanquished.

Notes
Turn   | Place    | Note
-------+----------+-------------------------------------------
     0 | D:1      | Felnil the Skeleton Summoner began the quest for the Orb.
     0 | D:1      | Reached XP level 1. HP: 10/10 MP: 4/4
   636 | D:1      | Reached XP level 2. HP: 13/15 MP: 0/6
   828 | D:1      | Reached skill level 5 in Summonings
   874 | D:1      | Learned a level 2 spell: Call Imp
  1761 | D:2      | Found a bloodstained altar of Trog.
  2578 | D:2      | Reached XP level 3. HP: 19/19 MP: 1/7
  2703 | D:2      | Learned a level 3 spell: Call Canine Familiar
  2803 | D:2      | Found a faded altar of an unknown god.
  2819 | D:1      | Slain by a quokka

Skill      XL: |  1  2 |
---------------+-------+-----
Summonings     | 5 |  5.5
Dodging        | |  2.0
Stealth        | |  2.4
Spellcasting   | |  3.0

Action                   || total
-------------------------++-------
Melee: Spear             ||    11
 Cast: Summon Small Mamm ||    52
       Call Imp          ||    42
       Call Canine Famil ||     1
  Use: Scroll            ||     3
Armor: Robe              ||    18
Dodge: Dodged            ||    60
